 Dungeon Crawl Stone Soup version 0.20.1-1-g8b1a95d (webtiles) character file.

33 empire the Skirmisher (level 3, -1/29 HPs)
             Began as a Mummy Fighter on July 26, 2017.
             Slain by an adder (4 damage)
             ... on level 2 of the Dungeon.
             The game lasted 00:02:10 (1178 turns).

empire the Skirmisher (Mummy Fighter)               Turns: 1178, Time: 00:02:10

Health: -1/29      AC:  7    Str: 20    XL:     3   Next: 12%
Magic:  3/3        EV:  7    Int: 10    God:
Gold:   55         SH:  8    Dex: 11    Spells: 2/2 levels left

rFire    x . .     SeeInvis .   a - +0 long sword
rCold    + . .     Gourm    .   c - +0 shield
rNeg     + + +     Faith    .   b - +1 scale mail
rPois    ∞         Spirit   .   (no helmet)
rElec    .         Reflect  .   (no cloak)
rCorr    .         Harm     .   (no gloves)
MR       .....                  (no boots)
Stlth    ..........             (no amulet)
Regen    0.1/turn               f - +3 ring of intelligence
MPRegen  0.1/turn               (no ring)

@: no status effects
A: no food or potions, fire vulnerability, cold resistance 1, negative energy
resistance 3, torment resistance, unbreathing
a: no special abilities


You were on level 2 of the Dungeon.
You were not hungry.

You visited 1 branch of the dungeon, and saw 2 of its levels.

You collected 55 gold pieces.

Inventory:

Hand Weapons
 a - a +0 long sword (weapon)
Armour
 b - a +1 scale mail (worn)
 c - a +0 shield (worn)
Jewellery
 f - a +3 ring of intelligence (left hand)
Scrolls
 d - 4 scrolls of identify {unknown}
 e - 3 scrolls of noise {unknown}


   Skills:
 - Level 3.0 Fighting
 + Level 2.9 Long Blades
 - Level 2.4 Armour
 - Level 2.4 Shields


You had 2 spell levels left.
You didn't know any spells.

Dungeon Overview and Level Annotations

Branches:
Dungeon (2/15)

Altars:
Elyvilon


Innate Abilities, Weirdness & Mutations

You do not eat or drink.
Your flesh is vulnerable to fire.
You are immune to poison.
Your flesh is cold resistant. (rC+)
You are immune to negative energy. (rN+++)
You are immune to unholy pain and torment.
You can survive without breathing.


Message History

As you read the scroll labeled YCLUDA QOUGG, it crumbles to dust.
It is a scroll of amnesia.
You feel forgetful for a moment. The adder barely misses you.
The adder barely misses you. You block the adder's attack. The adder bites you.
* * * LOW HITPOINT WARNING * * *
You miss the adder. You block the adder's attack.
The adder bites you but does no damage.
You slash the adder!
The adder is almost dead.
You block the adder's attack. x2
You miss the adder.
The adder is almost dead.
The frilled lizard unfolds its giant frill.
The adder bites you but does no damage. You block the adder's attack.
Your shield prevents you from hitting the adder.
The adder is almost dead.
The adder bites you.
You die...

.♣._.♣........######....#........
......†...<.... %............÷<..
≈..♣..≈######## ####...)#........
≈≈...≈≈# #............. ##...###
#....###.##### .......########
#....# #...... ..............#
#....# #####..
######...8....######....# #..
#..8.8...lS@..†(...# #..
#.8._.8..########### ###
#..8.8...# #....8....#
#.........# #.........#
###########


You could see an adder and a frilled lizard.

Vanquished Creatures
  An adder (D:2)
  A worm (D:2)
  A leopard gecko (D:1)
  2 giant cockroaches
  2 goblins
  2 hobgoblins (D:1)
  2 kobolds
  A ball python (D:1)
  5 bats
  3 frilled lizards
  3 rats (D:1)
23 creatures vanquished.

Vanquished Creatures (others)
  A quokka (D:2)
1 creature vanquished.

Grand Total: 24 creatures vanquished

Notes
Turn   | Place    | Note
-------+----------+-------------------------------------------
     0 | D:1      | empire the Mummy Fighter began the quest for the Orb.
     0 | D:1      | Reached XP level 1. HP: 18/18 MP: 1/1
   440 | D:1      | Reached XP level 2. HP: 18/24 MP: 2/2
  1127 | D:2      | Found a faded altar of an unknown god.
  1137 | D:2      | Found a white marble altar of Elyvilon.
  1160 | D:2      | Reached XP level 3. HP: 4/29 MP: 3/3
  1178 | D:2      | Slain by an adder

Skill      XL: |  1 |
---------------+----+-----
Long Blades    | 2 |  2.9
Fighting       | |  3.0
Armour         | |  2.4
Shields        | |  2.4

Action                   || total
-------------------------++-------
Melee: Long sword        ||    84
  Use: Scroll            ||     2
Armor: Scale mail        ||    63
Dodge: Dodged            ||    58
Block: Shield            ||    69
       Rpst.: Long sword ||    21
